 Dungeon Crawl Stone Soup version 0.24.0-37-gcf1ca852f1 (webtiles) character file.

Game seed: 3190973488113707483, levelgen mode: deterministic

7375 Iamsoldier the Magician (level 11, -1/84 HPs)
             Began as a Gnoll Skald on Nov 24, 2019.
             Was a High Priest of Okawaru.
             Killed from afar by Psyche (2 damage)
             ... with a puff of flame
             ... on level 10 of the Dungeon.
             The game lasted 00:28:00 (11077 turns).

Iamsoldier the Magician (Gnoll Skald)              Turns: 11077, Time: 00:28:01

Health: -1/84      AC:  6    Str: 15    XL:     11   Next: 14%
Magic:  0/31       EV: 16    Int: 18    God:    Okawaru [*****.]
Gold:   337        SH:  0    Dex: 14    Spells: 16/25 levels left

rFire    + . .     SeeInvis .   b - +4 halberd
rCold    x . .     Gourm    .   (shield currently unavailable)
rNeg     . . .     Faith    .   f - +3 leather armour
rPois    .         Spirit   +   (no helmet)
rElec    .         Reflect  .   (no cloak)
rCorr    .         Harm     .   (no gloves)
MR       .....                  (no boots)
Stlth    +++.......             B - amulet of guardian spirit
HPRegen  0.24/turn              w - ring of magical power
MPRegen  0.22/turn              r - ring of fire

@: no status effects
A: distributed training, fangs 1, strong nose
a: Heroism, Finesse, Renounce Religion


You were on level 10 of the Dungeon.
You worshipped Okawaru.
Okawaru was extremely pleased with you.
You were not hungry.

You visited 1 branch of the dungeon, and saw 10 of its levels.

You collected 337 gold pieces.

Inventory:

Hand Weapons
 a - a +0 trident
 b - a +4 halberd (weapon)
Armour
 f - a +3 leather armour (worn)
 D - a +0 shield
Jewellery
 r - a ring of fire (right hand)
 w - a ring of magical power (left hand)
 B - an amulet of guardian spirit (around neck)
Wands
 q - a wand of random effects (37)
 y - a wand of iceblast (3)
 C - a wand of clouds (5)
Scrolls
 e - 4 scrolls of remove curse
 g - 6 scrolls of identify {unknown}
 h - 7 scrolls of teleportation {unknown}
 k - 3 scrolls of blinking {unknown}
 l - a scroll of magic mapping {unknown}
 n - a scroll of enchant armour {unknown}
 o - 2 scrolls of enchant weapon {unknown}
 p - 2 scrolls of immolation {unknown}
 t - 2 scrolls of amnesia {unknown}
 u - 3 scrolls of fear {unknown}
 v - 2 scrolls of noise {unknown}
Potions
 c - a potion of invisibility
 i - 2 potions of might
 j - a potion of lignification {unknown}
 m - a potion of degeneration {unknown}
 s - 2 potions of curing
 x - 2 potions of flight {unknown}
 z - a potion of haste {unknown}
 A - 2 potions of resistance {unknown}
Comestibles
 d - 23 rations


   Skills:
 + Level 7.5 Fighting
 + Level 5.9 Short Blades
 + Level 5.9 Long Blades
 + Level 5.9 Axes
 + Level 5.9 Maces & Flails
 + Level 7.5 Polearms
 + Level 5.9 Staves
 + Level 5.9 Slings
 + Level 5.9 Bows
 + Level 5.9 Crossbows
 + Level 5.9 Throwing
 + Level 6.5 Armour
 + Level 7.5 Dodging
 + Level 5.9 Stealth
 + Level 5.9 Shields
 + Level 5.9 Unarmed Combat
 + Level 7.8 Spellcasting
 + Level 4.9 Conjurations
 + Level 4.9 Hexes
 + Level 7.4 Charms
 + Level 4.9 Summonings
 + Level 4.9 Necromancy
 + Level 4.9 Translocations
 + Level 4.9 Transmutations
 + Level 4.9 Fire Magic
 + Level 4.9 Ice Magic
 + Level 4.9 Air Magic
 + Level 4.9 Earth Magic
 + Level 4.9 Poison Magic
 + Level 6.5 Invocations
 + Level 5.9 Evocations


You had 16 spell levels left.
You knew the following spells:

 Your Spells              Type           Power        Failure   Level  Hunger
a - Infusion              Chrm           ####         1%          1    None
b - Shroud of Golubria    Chrm/Tloc      ####..       1%          2    None
c - Spectral Weapon       Hex/Chrm       ####....     2%          3    #......
d - Regeneration          Chrm/Necr      ####......   2%          3    #......

Your spell library contained the following spells:

 Spells                   Type           Power        Failure   Level  Hunger
 Animate Skeleton         Necr           N/A          1%          1    None
 Apportation              Tloc           ###...       1%          1    None
 Confusing Touch          Hex            ###...       1%          1    None
 Summon Small Mammal      Summ           ###.         1%          1    None
 Song of Slaying          Chrm           ####....     1%          2    None
 Sticks to Snakes         Tmut           ###.....     2%          2    None
 Ignite Poison            Fire/Tmut/Pois #####...     4%          3    #......
 Portal Projectile        Hex/Tloc       ###...       4%          3    #......
 Passage of Golubria      Tloc           N/A          16%         4    ###....
 Malign Gateway           Summ/Tloc      ###.......   100%        7    #######


Dungeon Overview and Level Annotations

Branches:
Dungeon (10/15)            Temple (0/1) D:4             Orc (0/2) D:9
   Lair: D:8-11

Altars:
Ashenzari
Dithmenos
Elyvilon
Kikubaaqudgha
Makhleb
Okawaru
Ru
Vehumet
Xom
Yredelemnul
The Shining One

Annotations:
D:6 3 runed translucent doors, Esos's ghost, novice DgIE
D:10 Psyche


Innate Abilities, Weirdness & Mutations

Your experience applies equally to all skills.
You have very sharp teeth.
Your uncanny sense of smell can sniff out nearby items.


Message History

* * * LOW HITPOINT WARNING * * *
The centaur shoots an arrow.
The arrow completely misses you. Something hits you.
* * * LOW HITPOINT WARNING * * *
All of the chunks of flesh in your inventory have rotted away.
The wolf closely misses you. Something barely misses you.
The wolf barely misses you.
There is a stone staircase leading up here.
You hear some strange, mumbled words.
A magic dart appears from out of thin air!
The magic dart hits you but does no damage.
The orc priest calls down the wrath of Beogh upon you.
Beogh smites you!
* * * LOW HITPOINT WARNING * * *
The wolf bites you.
* * * LOW HITPOINT WARNING * * *
You hear some strange, mumbled words.
A puff of flame appears from out of thin air!
The puff of flame hits you. You resist.
You die...

#....................##
...#.####..........####...#
........))...((...###.....#
........(##...oo.........##
................#....#####
................######
...............c#.##
..............{h...#
....#(.........@(.##
................###
.........<.....#
.............^.#
...............###
...........))....#
#................#
##.................#
.................###


You could see an orc warrior, a wolf, a centaur and an orc priest.

Vanquished Creatures
  A two-headed ogre (D:10)
  Pikel (D:8)
  A troll (D:7)
  Prince Ribbit (D:5)
  3 hippogriffs
  A yak (D:9)
  3 hogs (D:9)
  Sigmund (D:5)
  A human (D:9)
  3 wargs (D:9)
  Edmund (D:5)
  2 orc warriors
  A slave (D:8)
  A black bear (D:7)
  3 ice beasts
  A sky beast (D:7)
  A necrophage (D:10)
  2 ogres
  3 phantoms
  An eye of draining (D:9)
  4 centaurs
  A big kobold (D:8)
  7 bullfrogs
  3 scorpions
  8 wights (D:9)
  6 crimson imps
  A bullfrog zombie (D:7)
  5 hounds
  2 orc priests
  2 bullfrog skeletons
  4 jellies
  A centaur skeleton (D:9)
  6 iguanas
  Jessica (D:2)
  7 worker ants
  Natasha (twice) (D:2)
  5 orc wizards
  A hound zombie (D:8)
  7 gnolls
  8 adders
  3 shadow imps
  2 adder skeletons
  2 worms
  3 dart slugs
  4 leopard geckos
  25 orcs
  11 bats
  2 giant cockroaches
  2 gnoll zombies (D:2)
  8 goblins
  8 hobgoblins
  16 jackals
  11 kobolds
  3 quokkas
  8 frilled lizards
  A leopard gecko skeleton (D:6)
  A quokka skeleton (D:4)
  8 rats
231 creatures vanquished.

Vanquished Creatures (others)
  3 slaves (D:8)
  A centaur (D:8)
  An orc wizard (D:7)
  A kobold (D:8)
  6 spectral weapons
12 creatures vanquished.

Grand Total: 243 creatures vanquished

Notes
Turn   | Place    | Note
-------+----------+-------------------------------------------
     0 | D:1      | Iamsoldier the Gnoll Skald began the quest for the Orb.
     0 | D:1      | Reached XP level 1. HP: 20/20 MP: 6/6
    56 | D:1      | Reached XP level 2. HP: 25/26 MP: 2/7
    61 | D:1      | Learned a level 2 spell: Shroud of Golubria
   414 | D:1      | Reached XP level 3. HP: 31/31 MP: 9/9
   419 | D:1      | Learned a level 3 spell: Spectral Weapon
   423 | D:1      | Learned a level 3 spell: Regeneration
   541 | D:1      | Reached skill level 5 in Spellcasting
  1294 | D:2      | Reached skill level 1 in Invocations
  1445 | D:2      | Noticed Natasha
  1459 | D:2      | Killed Natasha
  1459 | D:2      | Reached skill level 1 in Short Blades
  1459 | D:2      | Reached skill level 1 in Long Blades
  1459 | D:2      | Reached skill level 1 in Axes
  1459 | D:2      | Reached skill level 1 in Maces & Flails
  1459 | D:2      | Reached skill level 1 in Staves
  1459 | D:2      | Reached skill level 1 in Slings
  1459 | D:2      | Reached skill level 1 in Bows
  1459 | D:2      | Reached skill level 1 in Crossbows
  1459 | D:2      | Reached skill level 1 in Throwing
  1459 | D:2      | Reached skill level 1 in Stealth
  1459 | D:2      | Reached skill level 1 in Shields
  1459 | D:2      | Reached skill level 1 in Unarmed Combat
  1459 | D:2      | Reached skill level 1 in Evocations
  1459 | D:2      | Reached XP level 4. HP: 16/38 MP: 0/11
  1499 | D:2      | Noticed Natasha
  1507 | D:2      | Killed Natasha
  1507 | D:2      | Reached skill level 1 in Conjurations
  1507 | D:2      | Reached skill level 1 in Hexes
  1507 | D:2      | Reached skill level 1 in Summonings
  1507 | D:2      | Reached skill level 1 in Necromancy
  1507 | D:2      | Reached skill level 1 in Translocations
  1507 | D:2      | Reached skill level 1 in Transmutations
  1507 | D:2      | Reached skill level 1 in Fire Magic
  1507 | D:2      | Reached skill level 1 in Ice Magic
  1507 | D:2      | Reached skill level 1 in Air Magic
  1507 | D:2      | Reached skill level 1 in Earth Magic
  1507 | D:2      | Reached skill level 1 in Poison Magic
  1808 | D:2      | Found a basalt altar of Yredelemnul.
  1861 | D:2      | Noticed Jessica
  1867 | D:2      | Killed Jessica
  1867 | D:2      | Reached XP level 5. HP: 43/43 MP: 0/12
  2200 | D:2      | Found a white marble altar of Elyvilon.
  2297 | D:3      | Found a shattered altar of Ashenzari.
  2683 | D:3      | Found an iron altar of Okawaru.
  2700 | D:3      | Became a worshipper of Warmaster Okawaru
  2716 | D:3      | Reached XP level 6. HP: 50/50 MP: 9/13
  2935 | D:3      | Found a burning altar of Makhleb.
  3266 | D:4      | Noticed a phantom
  3274 | D:4      | Reached skill level 5 in Fighting
  3274 | D:4      | Reached skill level 5 in Polearms
  3274 | D:4      | Reached skill level 5 in Dodging
  3289 | D:4      | Killed a phantom
  3379 | D:4      | Reached XP level 7. HP: 53/56 MP: 11/15
  3382 | D:4      | You fall into a shaft and drop 3 floors!
  3387 | D:7      | Reached * piety under Okawaru
  3477 | D:7      | Found a shimmering altar of Xom.
  3664 | D:7      | Found a glowing golden altar of the Shining One.
  3741 | D:7      | Reached XP level 8. HP: 17/63 MP: 5/16
  3969 | D:6      | Found a runed translucent gate.
  3970 | D:6      | Found a runed translucent gate.
  3971 | D:6      | Found a runed translucent gate.
  3997 | D:6      | Reached ** piety under Okawaru
  4062 | D:5      | Entered Level 5 of the Dungeon
  4130 | D:5      | Noticed Sigmund
  4217 | D:5      | Killed Sigmund
  4414 | D:4      | Found a sacrificial altar of Ru.
  4849 | D:4      | Found a staircase to the Ecumenical Temple.
  5482 | D:5      | Noticed Prince Ribbit
  5502 | D:5      | Killed Prince Ribbit
  5502 | D:5      | Reached XP level 9. HP: 56/69 MP: 18/18
  5550 | D:5      | Noticed Edmund
  5574 | D:5      | Killed Edmund
  6091 | D:6      | Noticed Esos's ghost (novice DgIE)
  6092 | D:6      | Identified the +7 dagger "Futt" {chaos, *Contam rPois
                  | Str+4}
  6206 | D:6      | Found a glowing golden altar of the Shining One.
  6206 | D:6      | Found an ancient bone altar of Kikubaaqudgha.
  6278 | D:6      | Reached *** piety under Okawaru
  6653 | D:7      | Noticed a troll
  7236 | D:7      | Reached skill level 5 in Armour
  7485 | D:7      | Killed a troll
  7833 | D:8      | Noticed Pikel
  7846 | D:8      | Killed Pikel
  7846 | D:8      | Reached skill level 5 in Invocations
  7879 | D:8      | Reached XP level 10. HP: 74/77 MP: 20/20
  7880 | D:8      | Reached **** piety under Okawaru
  8634 | D:8      | Reached skill level 5 in Short Blades
  8634 | D:8      | Reached skill level 5 in Long Blades
  8634 | D:8      | Reached skill level 5 in Axes
  8634 | D:8      | Reached skill level 5 in Maces & Flails
  8634 | D:8      | Reached skill level 5 in Staves
  8634 | D:8      | Reached skill level 5 in Slings
  8634 | D:8      | Reached skill level 5 in Bows
  8634 | D:8      | Reached skill level 5 in Crossbows
  8634 | D:8      | Reached skill level 5 in Throwing
  8634 | D:8      | Reached skill level 5 in Stealth
  8634 | D:8      | Reached skill level 5 in Shields
  8634 | D:8      | Reached skill level 5 in Unarmed Combat
  8634 | D:8      | Reached skill level 5 in Evocations
  8740 | D:8      | Found a radiant altar of Vehumet.
  9523 | D:9      | Found a staircase to the Orcish Mines.
 10001 | D:9      | Found a shadowy altar of Dithmenos.
 10176 | D:9      | Reached ***** piety under Okawaru
 10551 | D:9      | Identified Gipuali's Disquisition on the Traveller and
                  | Transmutation
 10789 | D:10     | Entered Level 10 of the Dungeon
 10831 | D:10     | Noticed a two-headed ogre
 10843 | D:10     | Killed a two-headed ogre
 10843 | D:10     | Received a gift from Okawaru
 10843 | D:10     | Reached XP level 11. HP: 48/84 MP: 12/22
 11047 | D:10     | Noticed Psyche
 11077 | D:10     | HP: 4/84 [orc priest/divine providence (11)]
 11077 | D:10     | HP: 1/84 [wolf[Grum] (3)]
 11077 | D:10     | Killed from afar by Psyche

Levels and vault maps discovered:
D:1:      minmay_arrival_jagged, layout_loops_ring
D:2:      layout_loops_corners, lemuel_zombie_altar_yredelemnul,
          marbit_many_paths, first_ration, uniq_jessica, uniq_natasha
D:3:      layout_rooms, okawaru_gym_becter, nicolae_overflow_hidden_temple,
          ashenzari_conservatory_becter
D:4:      layout_rooms, nicolae_ru_sacrificial_ziggurat,
          minmay_temple_entry_from_below_a, minmay_distorted
D:5:      layout_rooms, uniq_prince_ribbit1, uniq_edmund, uniq_sigmund
D:6:      layout_basic, gammafunk_temple_overflow_elements,
          gammafunk_ghost_nasty_kobolds, minivault_23
D:7:      layout_basic, overflow_temple_1_default,
          nicolae_tso_swordbearing_angel
D:8:      layout_loops_ring, vehumet_crystals, uniq_pikel
D:9:      layout_roguey, grunt_dithmenos_shadows, david_orc_1_choice,
          grunt_livestock
D:10:     layout_cave_pools, david_greed, uniq_grum, uniq_erolcha, uniq_psyche

Skill      XL: |  1  2  3  4  5  6  7  8  9 10 |
---------------+-------------------------------+-----
Spellcasting   | 5 6 7 |  7.8
Invocations    | 1 2 3 4 5 6 |  6.5
Short Blades   | 1 2 3 4 5 |  5.9
Long Blades    | 1 2 3 4 5 |  5.9
Axes           | 1 2 3 4 5 |  5.9
Maces & Flails | 1 2 3 4 5 |  5.9
Staves         | 1 2 3 4 5 |  5.9
Slings         | 1 2 3 4 5 |  5.9
Bows           | 1 2 3 4 5 |  5.9
Crossbows      | 1 2 3 4 5 |  5.9
Throwing       | 1 2 3 4 5 |  5.9
Stealth        | 1 2 3 4 5 |  5.9
Shields        | 1 2 3 4 5 |  5.9
Unarmed Combat | 1 2 3 4 5 |  5.9
Evocations     | 1 2 3 4 5 |  5.9
Conjurations   | 1 2 3 4 |  4.9
Hexes          | 1 2 3 4 |  4.9
Summonings     | 1 2 3 4 |  4.9
Necromancy     | 1 2 3 4 |  4.9
Translocations | 1 2 3 4 |  4.9
Transmutations | 1 2 3 4 |  4.9
Fire Magic     | 1 2 3 4 |  4.9
Ice Magic      | 1 2 3 4 |  4.9
Air Magic      | 1 2 3 4 |  4.9
Earth Magic    | 1 2 3 4 |  4.9
Poison Magic   | 1 2 3 4 |  4.9
Armour         | 3 4 5 6 |  6.5
Fighting       | 5 6 7 |  7.5
Polearms       | 5 6 7 |  7.5
Dodging        | 5 6 7 |  7.5
Charms         | 6 7 |  7.4

Action                   |  1- 3 |  4- 6 |  7- 9 | 10-12 || total
-------------------------+-------+-------+-------+-------++-------
Melee: Spear             |   109 |    64 |       |       ||   173
       Bite              |     8 |    12 |    26 |    22 ||    68
       Trident           |       |    78 |   272 |   105 ||   455
       Punch             |       |     1 |     5 |     1 ||     7
       Halberd           |       |       |       |   106 ||   106
 Cast: Infusion          |    15 |     2 |     2 |       ||    19
       Spectral Weapon   |     1 |    15 |    36 |    28 ||    80
       Shroud of Golubri |       |     7 |    21 |    15 ||    43
       Regeneration      |       |     3 |    14 |     9 ||    26
Invok: Heroism           |       |       |     1 |     3 ||     4
  Use: Scroll            |       |     2 |     1 |     1 ||     4
       Potion            |       |     1 |     5 |       ||     6
 Stab: Sleeping          |     3 |     3 |     5 |     3 ||    14
       Invisible         |       |     2 |       |       ||     2
       Distracted        |       |       |     2 |     3 ||     5
  Eat: Chunk             |     1 |     9 |    13 |    12 ||    35
       Ration            |       |       |     1 |       ||     1
Armor: Leather armour    |    26 |    22 |    23 |    28 ||    99
       Robe              |       |       |    20 |       ||    20
Dodge: Dodged            |    56 |    74 |   251 |   162 ||   543
Block: Shield            |       |       |       |    18 ||    18
